 Dungeon Crawl Stone Soup version 0.30-a0-4-ga7cffc901d (webtiles) character file.

Game seed: 8636718248335631150

121 ytrimaz the Insei (level 4, -1/33 HPs)
             Began as a Demonspawn Transmuter on Aug 22, 2022.
             Slain by a gnoll
             ... wielding a +0 spear
              (7 damage)
             ... on level 3 of the Dungeon.
             The game lasted 00:03:16 (3021 turns).

ytrimaz the Insei (Demonspawn Transmuter)           Turns: 3021, Time: 00:03:16

Health: -1/33      AC:  3    Str:  9 (11) XL:     4   Next: 76%
Magic:  7/7        EV: 12    Int: 15 (16) God:
Gold:   206        SH:  0    Dex: 13      Spells: 4/7 levels left

rFire   . . .      SeeInvis .      - Unarmed
rCold   . . .      Faith    .    (no shield)
rNeg    . . .      Spirit   .    a - +0 robe
rPois   .          Reflect  .    (no helmet)
rElec   .          Harm     .    e - +0 cloak
rCorr   .          Rampage  .    (no gloves)
Will    .....                    (no boots)
Stlth   +.........               (no amulet)
HPRegen 0.11/turn                (no ring)
MPRegen 0.10/turn                (no ring)

@: no status effects
A: demonic guardian 1, ignite blood 2
a: no special abilities


You were on level 3 of the Dungeon.
You visited 1 branch of the dungeon, and saw 3 of its levels.

You collected 206 gold pieces.

Inventory:

Armour
 a - a +0 robe (worn)
 e - a +0 cloak (worn)
Scrolls
 f - a scroll of noise
 g - a scroll of amnesia
Potions
 b - a potion of lignification
 c - a potion of cancellation
 d - a potion of curing
 i - a potion of might {unknown}
 j - a potion of magic {unknown}


   Skills:
 * Level 2.2 Fighting
 + Level 2.4 Dodging
 + Level 4.2 Unarmed Combat
 - Level 2.0 Spellcasting
 - Level 1.7 Transmutations


You had 4 spell levels left.
You knew the following spells:

 Your Spells              Type           Power      Damage    Failure   Level
a - Beastly Appendage     Tmut           12%        N/A       11%         1
b - Wereblood             Tmut           6%         N/A       16%         2

Your spell library contained the following spells:

 Spells                   Type           Power      Damage    Failure   Level
 Static Discharge         Conj/Air       1%         3-4/arc   32%         2
 Spider Form              Tmut/Pois      4%         N/A       43%         3
 Ice Form                 Ice/Tmut       4%         N/A       83%         4
 Lightning Bolt           Conj/Air       0%         1d11      99%         5
 Maxwell's Capacitive Co  Air            0%         ∞         100%        8


Dungeon Overview and Level Annotations

Branches:
Dungeon (3/15)

Altars:
Xom


Innate Abilities, Weirdness & Mutations

A weak demonic guardian rushes to your aid.
Your demonic aura often causes spilled blood to erupt in flames.


Message History

The gnoll is engulfed in blazing flames.
You kill the gnoll!
The kobold hits you with a +0 short sword of protection.
You feel your intelligence returning.
Unknown command.
The gnoll hits you but does no damage.
You hit the gnoll.
You kill the gnoll!
The kobold hits you with a +0 short sword of protection.
A demonic guardian appears!
Unknown command.
Unknown command.
The kobold attacks as you move away! The kobold hits you but does no damage.
Your shadow imp hits the kobold but does no damage.
Okay, then.
You closely miss the kobold. Your kick misses the kobold.
You headbutt the kobold, but do no damage.
The gnoll hits your shadow imp with a +2 vorpal flail.
The kobold barely misses you.
You hit the kobold.
You kill the kobold!
Your horns disappear.
Your talons disappear.
Your shadow imp hits the gnoll but does no damage.
The gnoll hits your shadow imp with a +2 vorpal flail.
Your shadow imp dies!
Your shadow imp disappears in a puff of smoke!
The gnoll barely misses you.
Unknown command.
The gnoll hits you with a +0 spear. The gnoll barely misses you.
Things that are here:
a +0 short sword of protection; a stone; a scroll of identify Unknown command.
You barely miss the gnoll. You punch the gnoll, but do no damage.
The gnoll hits you with a +2 vorpal flail.
The gnoll hits you with a +0 spear.
You completely miss the gnoll.
The gnoll hits you with a +2 vorpal flail!
* * * LOW HITPOINT WARNING * * *
x2 A demonic guardian appears!
The gnoll hits you with a +0 spear!
You die...

...# #.# .#.####
####.#
.....^###....#
##.##.##.....##
#.##.#.......#####
#.##.#...........#
#.##.#.......###.#
#.##.............#
#.##...#...#.##@5#
#.......###.###gg#
###..##....# #).#
#..# #.......)#
.........###..#
...... .### #.[#
##..## #..# ...#
...#


You could see 2 gnolls and a friendly quasit (summoned).

Vanquished Creatures
  3 gnolls
  An adder (D:2)
  A dart slug (D:2)
  5 ball pythons
  4 bats
  9 endoplasms
  2 giant cockroaches (D:1)
  11 goblins
  12 hobgoblins
  6 kobolds
  5 quokkas
  6 frilled lizards
  6 rats
71 creatures vanquished.

Notes
Turn   | Place    | Note
-------+----------+-------------------------------------------
     0 | D:1      | ytrimaz the Demonspawn Transmuter began the quest for the
                  | Orb.
     0 | D:1      | Reached XP level 1. HP: 15/15 MP: 3/3
   205 | D:1      | Reached skill level 3 in Unarmed Combat
   210 | D:1      | Gained mutation: A weak demonic guardian rushes to your
                  | aid. [demonic ancestry]
   210 | D:1      | Reached XP level 2. HP: 10/21 MP: 3/5
   826 | D:1      | Gained mutation: Your demonic aura sometimes causes spilled
                  | blood to erupt in flames. [demonic ancestry]
   826 | D:1      | Reached XP level 3. HP: 22/27 MP: 4/6
  2115 | D:2      | Gained mutation: Your demonic aura often causes spilled
                  | blood to erupt in flames. [demonic ancestry]
  2115 | D:2      | Reached XP level 4. HP: 29/33 MP: 5/7
  2238 | D:2      | Reached skill level 4 in Unarmed Combat
  2453 | D:2      | Learned a level 2 spell: Wereblood
  2512 | D:2      | Found a shimmering altar of Xom.
  3021 | D:3      | Slain by a gnoll

Illustrated notes

Levels and vault maps discovered:
D:1:      spicycebolla_arrival_clurvy, layout_rooms
D:2:      cheibrodos_greedy_goblins, layout_basic, basic_altar,
          minmay_misc_feat_encased, minmay_liquid_box, minmay_distorted
D:3:      layout_loops_ring, ebering_ghost_sewer_f,
          shapermc_ecumenical_altar_mp_vishouse

Skill      XL: |  1  2  3  4 |
---------------+-------------+-----
Unarmed Combat | 3 4 |  4.2
Dodging        | 2 |  2.4
Fighting       | 2 |  2.2
Spellcasting   | |  2.0
Transmutations | |  1.7

Action                   |  1- 3 |  4- 6 || total
-------------------------+-------+-------++-------
Melee: Unarmed           |   131 |    64 ||   195
       Headbutt          |    19 |     5 ||    24
       Kick              |    14 |     3 ||    17
       Punch             |     1 |     2 ||     3
 Cast: Beastly Appendage |    30 |    11 ||    41
  Use: Potion            |     5 |     2 ||     7
       Scroll            |     5 |     1 ||     6
 Stab: Sleeping          |     1 |       ||     1
Armor: Robe              |    46 |    15 ||    61
       Skin              |       |     4 ||     4
Dodge: Dodged            |   109 |    32 ||   141

Table legend: (Time is in decaauts)
 A = Elapsed time spent in this place.
 B = Non-inter-level travel time spent in this place.
 C = Inter-level travel time spent in this place.
 D = Time resting spent in this place.
 E = Time spent auto-exploring this place.
 F = Levels seen in this place.
 G = Mean time per level.
                   A        B        C        D        E       F      G
               +--------+--------+--------+--------+--------+-----+--------+
         Total |   3008 |   2944 |     64 |    121 |   2273 |   3 | 1002.7 |
       Dungeon |   3008 |   2944 |     64 |    121 |   2273 |   3 | 1002.7 |
               +--------+--------+--------+--------+--------+-----+--------+

Top non-repeatable levels by time:
     D:2: 1599 daAuts
     D:1: 1348 daAuts
     D:3: 61 daAuts
